Unix NetHack Version 5.0.0-0 post-release - last build May  3 2026 23:40:34 (9823c992c0763bbd039eca2974112f46eaf799b3,branch:main).

Game began 2026-05-04 10:38:12, ended 2026-05-04 11:06:21.

Drastanta, neutral male human Barbarian

                                                           ----------------
                                                  #@##)### |..............|
                                                  a####  ##...<...........|
                                                        ###|..............|
                                                           ----------------

Drastanta the Pillager     St:18/02 Dx:16 Co:17 In:8 Wi:8 Ch:6  Neutral
Dlvl:5  $:134 HP:0(40) Pw:11(11) AC:3  Xp:4 T:2218  Satiated

Latest messages:
 Your kitten eats a gnome lord corpse.
 The kitten is still eating.
 You climb up the stairs.
 You kill the dwarf!
 There are several objects here.
 $ - 16 gold pieces (134 in total).
 w - a dwarvish mattock.
 x - a dwarvish iron helm.
 You have a little trouble lifting a pair of iron shoes.  Continue? [ynq] (q) y
 You have a little trouble lifting y - a pair of iron shoes.
 z - a dwarvish cloak.
 Your movements are slowed slightly because of your load.
 You hear the splashing of a naiad.
 What do you want to wield? [- abw or ?*] <esc>
 Never mind.
 What do you want to put on? [*] *
 You finish your dressing maneuver.
 What do you want to put on? [*] *
 You finish your dressing maneuver.
 What do you want to put on? [*] *
 You are now wearing a dwarvish cloak.
 You fall down the stairs.
 You hear a strange wind.
 What do you want to drop? [$a-eghjl-qs-z or ?*] ?
 You drop a corroded +0 axe.
 Your movements are now unencumbered.
 What do you want to wield? [- aw or ?*] ?
 w - a dwarvish mattock (weapon in hands).
 The giant ant bites!
 The giant ant bites!
 The giant ant bites!
 You kill the giant ant!
 The giant ant bites!
 The giant ant bites!
 You miss the giant ant.
 The giant ant misses!
 The kitten bites the giant ant.
 The giant ant bites the kitten.
 The giant ant bites!
 You miss the giant ant.
 The giant ant just misses!
 The giant ant bites!
 You miss the giant ant.
 The giant ant bites!
 You die...
 Do you want your possessions identified? [ynq] (y) n
 Do you want to see your attributes? [ynq] (y) n
 Do you want an account of creatures vanquished? [ynaq] (y) n
 Do you want to see your conduct and achievements? [ynq] (y) n
 Do you want to see the dungeon overview? [ynq] (y) n

Inventory:
 Coins    ('$')
  $ - 134 gold pieces
 Weapons  (')')
  w - a +0 dwarvish mattock (weapon in hands)
  a - a +0 two-handed sword
 Armor    ('[')
  x - an uncursed +0 dwarvish iron helm (being worn)
  y - an uncursed +0 pair of iron shoes (being worn)
  z - an uncursed +0 dwarvish cloak (being worn)
  c - a blessed +0 ring mail (being worn)
 Comestibles  ('%')
  d - an uncursed food ration
  v - an uncursed partly eaten food ration
  l - an uncursed tin of boiled jackal meat
  o - 2 uncursed tins of pureed iguana meat
 Scrolls  ('?')
  m - an uncursed scroll of blank paper
  s - an uncursed scroll of charging
  p - an uncursed scroll of remove curse
 Spellbooks  ('+')
  q - an uncursed spellbook of cure blindness
 Potions  ('!')
  t - an uncursed potion of acid
  u - a cursed potion of enlightenment
  e - 3 uncursed potions of healing
  j - an uncursed potion of levitation
  h - an uncursed potion of restore ability
  n - a cursed potion of see invisible
 Tools    ('(')
  g - an uncursed tin whistle

Drastanta the Barbarian's attributes:

Background:
 You were a Pillager, a level 4 male human Barbarian.
 You were neutral, on a mission for Crom
 who was opposed by Mitra (lawful) and Set (chaotic).
 You were right-handed.
 You were in the Dungeons of Doom, on level 5.
 You entered the dungeon 2218 turns ago.
 There was a full moon in effect when your adventure ended.
 You had 113 experience points, 47 more were needed to attain level 5.

Basics:
 You had 0 out of 40 hit points.
 You had all 11 energy points (spell power).
 Your armor class was 3.
 Your wallet contained 134 zorkmids.
 Autopickup was off.

Final Characteristics:
 Your strength was 18/02 (limit:18/100).
 Your dexterity was 16 (limit:18).
 Your constitution was 17 (limit:18).
 Your intelligence was 8 (limit:18).
 Your wisdom was 8 (limit:18).
 Your charisma was 6 (limit:18).

Final Status:
 You were satiated.
 You were unencumbered.
 You were wielding a mattock.
 You were unskilled in pick-axe.

Final Attributes:
 You were piously aligned.
 Your items were somewhat protected from fire.
 Your items were somewhat protected from cold.
 You were poison resistant.
 You were warded.
 You were lucky.
 You are dead.

Miscellaneous:
 You didn't encounter any bones levels.
 Total elapsed playing time was 26 minutes and 16 seconds.

Major events:
 Turn
    1: Drastanta the neutral male human Barbarian entered the dungeon
 1439: attained the rank of Pillager (level 3)
 2218: killed by a giant ant

You didn't know any spells.

Skills:
 Fighting Skills
   bare handed combat [Basic]
   two weapon combat  [Unskilled]
   riding             [Unskilled]
 Weapon Skills
   dagger             [Unskilled]
   axe                [Basic]
   pick-axe           [Unskilled]
   short sword        [Unskilled]
   broadsword         [Unskilled]
   long sword         [Unskilled]
   two-handed sword   [Basic]
   saber              [Unskilled]
   club               [Unskilled]
   mace               [Unskilled]
   morning star       [Unskilled]
   flail              [Unskilled]
   hammer             [Unskilled]
   quarterstaff       [Unskilled]
   spear              [Unskilled]
   trident            [Unskilled]
   bow                [Unskilled]
 Spellcasting Skills
   attack spells      [Unskilled]
   escape spells      [Unskilled]

Voluntary challenges:
 Character rerolling was not enabled.
 You were illiterate.
 You never genocided any monsters.
 You never polymorphed an object.
 You used no wishes.
Achievements:
 You entered a shop.
 You attained the rank of Pillager.

 The Dungeons of Doom: levels 1 to 5
    Level 1:
    Level 2:
       An altar to Crom, some fountains.
    Level 3:
       A general store, an altar to Crom, a fountain, a grave.
    Level 4:
       A fountain, a sink.
    Level 5: <- You were here.
       Final resting place for
          you, killed by a giant ant.


Vanquished creatures:
  a shrieker
  a gnome leader
  a giant ant
  a little dog
  a dwarf
  a wererat
 an iguana
 an acid blob
  a large kobold
  a giant rat
  a red mold
  3 geckos
  4 jackals
  2 foxes
  a goblin
  a sewer rat
  9 grid bugs
  2 bats
  a lichen
  5 newts
39 creatures vanquished.

No species were genocided or became extinct.

Game over:
                       ----------
                      /          \
                     /    REST    \
                    /      IN      \
                   /     PEACE      \
                  /                  \
                  |    Drastanta     |
                  |      134 Au      |
                  |   killed by a    |
                  |    giant ant     |
                  |                  |
                  |                  |
                  |       2026       |
                 *|     *  *  *      | *
        _________)/\\_//(\/(/\)/\//\/|_)_______

Goodbye Drastanta the Barbarian...

You died in The Dungeons of Doom on dungeon level 5 with 773 points,
and 134 pieces of gold, after 2218 moves.
You were level 4 with a maximum of 40 hit points when you died.

